 Dungeon Crawl Stone Soup version 0.28-a0-657-g71136c5590 (webtiles) character file.

Game seed: 10609751032252516542

26 Woods the Insei (level 2, 21/21 HPs)
             Began as a Demonspawn Transmuter on Oct 13, 2021.
             Quit the game on level 2 of the Dungeon.
             The game lasted 00:03:49 (1919 turns).

Woods the Insei (Demonspawn Transmuter)             Turns: 1919, Time: 00:03:50

Health: 21/21      AC:  2    Str: 10    XL:     2   Next: 89%
Magic:  5/5        EV: 12    Int: 14    God:
Gold:   38         SH:  0    Dex: 13    Spells: 2/5 levels left

rFire   . . .      SeeInvis .     - Unarmed
rCold   . . .      Faith    .   (no shield)
rNeg    . . .      Spirit   .   a - +0 robe
rPois   .          Reflect  .   (no helmet)
rElec   .          Harm     .   (no cloak)
rCorr   .          Rampage  .   (no gloves)
Will    .....                   (no boots)
Stlth   +.........              (no amulet)
HPRegen 0.07/turn               (no ring)
MPRegen 0.09/turn               (no ring)

@: no status effects
A: demonic guardian 1
a: no special abilities


You were on level 2 of the Dungeon.
You visited 1 branch of the dungeon, and saw 2 of its levels.

You collected 38 gold pieces.

Inventory:

Armour
 a - a +0 robe (worn)
Scrolls
 b - a scroll of magic mapping {unknown}
 c - a scroll of noise {unknown}
 d - a scroll of vulnerability {unknown}
Potions
 e - a potion of lignification {unknown}


   Skills:
 + Level 1.1 Fighting
 + Level 2.0 Dodging
 + Level 0.4 Stealth
 + Level 3.0 Unarmed Combat
 + Level 2.3 Spellcasting
 + Level 2.1 Transmutations


You had 2 spell levels left.
You knew the following spells:

 Your Spells              Type           Power      Damage    Failure   Level
a - Beastly Appendage     Tmut           14%        N/A       10%         1
b - Wereblood             Tmut           7%         N/A       14%         2

Your spell library contained the following spells:

 Spells                   Type           Power      Damage    Failure   Level
 Spider Form              Tmut/Pois      2%         N/A       41%         3
 Ice Form                 Ice/Tmut       4%         N/A       83%         4


Dungeon Overview and Level Annotations

Branches:
Dungeon (2/15)

Altars:

Shops:
D:2 :

Annotations:
D:2 Sigmund


Innate Abilities, Weirdness & Mutations

A weak demonic guardian rushes to your aid.


Message History

The rat moves out of view.
A rat is nearby!
A rat is nearby!
A rat is nearby!
The rat bites you.
Casting: Beastly Appendage (safe; 10% risk of failure)
Confirm with . or Enter, or press ? or * to list all spells.
You grow a pair of large bovine horns.
Your feet morph into talons.
The rat closely misses you.
You hit the rat.
You kill the rat!
No target in view!
Your transformation is almost over.
Your horns disappear.
Your talons disappear.
You see here a rat corpse.
An endoplasm comes into view.
An endoplasm is nearby!
An endoplasm is nearby!
An endoplasm is nearby!
Casting: Beastly Appendage (safe; 10% risk of failure)
Confirm with . or Enter, or press ? or * to list all spells.
You grow a pair of large bovine horns.
Your feet morph into talons.
The helpless endoplasm fails to defend itself.
You hit the endoplasm. You headbutt the endoplasm.
You kill the endoplasm!
Your transformation is almost over.
No target in view!
Your horns disappear.
Your talons disappear.
Sigmund the Dreaded comes into view.
He is wielding a +0 scythe.
Sigmund is nearby!
Sigmund is nearby!
Sigmund is nearby!
There is a stone staircase leading down here.
Okay, then.
Okay, then.
Memorise Wereblood, consuming 2 spell levels and leaving 2?
You start memorising the spell.
You continue memorising. x2
You finish memorising.
Spell assigned to 'b'.
There is a stone staircase leading up here.
Are you sure you want to abandon this character and quit the game? (Confirm with "yes".)

.........# #.#
#......#.# #.#
....####.## #.#
#.#.#.....# #.#
#.#.##.#### #.#
#.#.##.########.#
................#
..#.#...........##
###.............@#
#.###########.##
### ###


There were no monsters in sight!

Vanquished Creatures
  2 bats
  5 endoplasms
  3 hobgoblins (D:1)
  4 jackals (D:1)
  A ball python (D:1)
  3 frilled lizards
  2 goblins (D:2)
  A kobold (D:1)
  3 rats
24 creatures vanquished.

Notes
Turn   | Place    | Note
-------+----------+-------------------------------------------
     0 | D:1      | Woods the Demonspawn Transmuter began the quest for the
                  | Orb.
     0 | D:1      | Reached XP level 1. HP: 15/15 MP: 3/3
   386 | D:1      | Found a faded altar of an unknown god.
   590 | D:1      | Gained mutation: A weak demonic guardian rushes to your
                  | aid. [demonic ancestry]
   590 | D:1      | Reached XP level 2. HP: 4/21 MP: 3/5
  1481 | D:2      | Found Cato Kea's Book Boutique.
  1541 | D:2      | Reached skill level 3 in Unarmed Combat
  1817 | D:2      | Noticed Sigmund
  1885 | D:2      | Learned a level 2 spell: Wereblood
  1919 | D:2      | Quit the game

Illustrated notes

Levels and vault maps discovered:
D:1:      nzn_arrival_depleted_hourglass, layout_loops_corners,
          ebering_ecumenical_altar_mist
D:2:      layout_basic, serial_shops, shop_statue, minmay_goblin_kobold_house,
          uniq_sigmund, uniq_natasha

Skill      XL: |  1  2 |
---------------+-------+-----
Dodging        | 2 |  2.0
Transmutations | 2 |  2.1
Unarmed Combat | 3 |  3.0
Fighting       | |  1.1
Stealth        | |  0.4
Spellcasting   | |  2.3

Action                   || total
-------------------------++-------
Melee: Unarmed           ||    46
       Kick              ||     7
       Headbutt          ||     7
       Punch             ||     1
 Cast: Beastly Appendage ||    19
 Stab: Sleeping          ||     2
Armor: Robe              ||     5
Dodge: Dodged            ||    26

Table legend: (Time is in decaauts)
 A = Elapsed time spent in this place.
 B = Non-inter-level travel time spent in this place.
 C = Inter-level travel time spent in this place.
 D = Time resting spent in this place.
 E = Time spent auto-exploring this place.
 F = Levels seen in this place.
 G = Mean time per level.
                   A        B        C        D        E       F      G
               +--------+--------+--------+--------+--------+-----+--------+
         Total |   1916 |   1858 |     58 |      0 |   1596 |   2 |  958.0 |
       Dungeon |   1916 |   1858 |     58 |      0 |   1596 |   2 |  958.0 |
               +--------+--------+--------+--------+--------+-----+--------+

Top non-repeatable levels by time:
     D:1: 1301 daAuts
     D:2: 615 daAuts
